 Seeded DCSS version 0.28.0-61-g67df4f89a8 (webtiles) character file.

Game seed: 7015990927668815340 (custom seed)

5 Mickster the Skirmisher (level 1, -2/19 HPs)
             Began as a Demigod Wanderer on Feb 13, 2023.
             Slain by a rat (3 damage)
             ... on level 1 of the Dungeon.
             The game lasted 00:03:43 (238 turns).

Mickster the Skirmisher (Demigod Wanderer)           Turns: 238, Time: 00:03:44

Health: -2/19      AC:  2    Str: 12    XL:     1   Next: 53%
Magic:  5/5        EV: 11    Int: 17    God:
Gold:   16         SH:  0    Dex: 11    Spells: 3/3 levels left

rFire   . . .      SeeInvis .   e - +0 whip
rCold   . . .      Faith    .   (no shield)
rNeg    . . .      Spirit   .   b - +0 robe
rPois   .          Reflect  .   (no helmet)
rElec   .          Harm     .   (no cloak)
rCorr   .          Rampage  .   (no gloves)
Will    .....                   (no boots)
Stlth   +.........              (no amulet)
HPRegen 0.06/turn               (no ring)
MPRegen 0.09/turn               (no ring)

@: no status effects
A: high MP 1, forlorn, divine attributes
a: no special abilities


You were on level 1 of the Dungeon.
You visited 1 branch of the dungeon, and saw 1 of its levels.

You collected 16 gold pieces.

Inventory:

Hand Weapons
 a - a +0 club
 e - a +0 whip (weapon)
Missiles
 d - 27 arrows
 g - 23 stones (quivered)
Armour
 b - a +0 robe (worn)
Scrolls
 c - a scroll of teleportation
 f - a scroll of enchant armour {unknown}


   Skills:
 + Level 3.0 Fighting
 + Level 1.7 Spellcasting
 + Level 1.7 Transmutations
 + Level 1.9 Air Magic
 + Level 1.0 Evocations


You had 3 spell levels left.
You didn't know any spells.
Your spell library contained the following spells:

 Spells                   Type           Power      Damage    Failure   Level
 Shock                    Conj/Air       16%        1d4       14%         1
 Sting                    Tmut/Pois      16%        1d3       14%         1
 Static Discharge         Conj/Air       4%         N/A       21%         2
 Swiftness                Air            8%         N/A       26%         3
 Mephitic Cloud           Conj/Pois/Air  3%         N/A       41%         3
 Ignite Poison            Fire/Tmut/Pois 3%         N/A       43%         3
 Dispel Undead            Necr           1%         3d6       89%         4
 Sticky Flame             Conj/Fire      1%         2d3       89%         4


Dungeon Overview and Level Annotations

Branches:
Dungeon (1/15)


Innate Abilities, Weirdness & Mutations

You have an increased reservoir of magic. (+10% MP)
You shall have no god before yourself.
Your divine heritage dramatically boosts your attributes as you level up.


Message History

Your Fighting skill increases to level 3!
You hit the kobold.
The kobold is moderately wounded.
The kobold hits you with a +0 dagger.
* * * LOW HITPOINT WARNING * * *
You closely miss the kobold.
The kobold is moderately wounded.
A rat comes into view.
The kobold hits you with a +0 dagger.
* * * LOW HITPOINT WARNING * * *
You hit the kobold but do no damage.
The kobold is moderately wounded.
The kobold misses you.
You barely miss the kobold.
The kobold is moderately wounded.
The kobold closely misses you.
You hit the kobold but do no damage.
The kobold is moderately wounded.
The kobold closely misses you.
The rat twitches its whiskers.
You barely miss the kobold.
The kobold is moderately wounded.
The kobold misses you. The rat barely misses you.
The kobold hits you with a +0 dagger.
* * * LOW HITPOINT WARNING * * *
You closely miss the kobold.
The kobold is moderately wounded.
The rat completely misses you. The kobold hits you but does no damage.
You hit the rat but do no damage. The rat bites you.
* * * LOW HITPOINT WARNING * * *
The kobold barely misses you.
You hit the rat but do no damage. The rat closely misses you.
The kobold closely misses you.
You closely miss the rat. The rat completely misses you.
The kobold closely misses you.
You closely miss the rat. The rat bites you.
* * * LOW HITPOINT WARNING * * *
The kobold hits you but does no damage.
You hit the rat but do no damage. The rat bites you.
You die...

#)# #.# ##.###.#
####.#######.##
### ##.
#...>.........# ##
############..#
######## #..#
#......# #..#
#......# #..#
#......#####..#
#).....K@r....##
#......######..#
#......##....#...#
#......##....
##....#
#......+.....
###..
#.....K##.... #
#..K...##....
.......##....
##.##


You could see a kobold and a rat.

Vanquished Creatures
  An endoplasm (D:1)
  2 bats (D:1)
  2 kobolds (D:1)
  A rat (D:1)
6 creatures vanquished.

Notes
Turn   | Place    | Note
-------+----------+-------------------------------------------
     0 | D:1      | Mickster the Demigod Wanderer began the quest for the Orb.
     0 | D:1      | Mickster set off with the following items: a +0 club, a +0
                  | robe, a scroll of teleportation; and the following spells
                  | available to memorise: Shock, Sting, Swiftness, Ignite
                  | Poison, Mephitic Cloud
     0 | D:1      | Reached XP level 1. HP: 18/18 MP: 5/5
   227 | D:1      | Reached skill level 3 in Fighting
   238 | D:1      | Slain by a rat

Illustrated notes

Levels and vault maps discovered:
D:1:      nagdon_arrival_zigzag_paths, layout_basic,
          shapermc_ecumenical_altar_mp_ritualfount, serial_curves,
          eino_curves_02, eino_curves_03

Skill      XL: |  1 |
---------------+----+-----
Fighting       | 3 |  3.0
Spellcasting   | |  1.7
Transmutations | |  1.7
Air Magic      | |  1.9
Evocations     | |  1.0

Action                   || total
-------------------------++-------
Melee: Whip              ||    34
       Club              ||     6
Armor: Robe              ||    11
Dodge: Dodged            ||    36
